 Dungeon Crawl Stone Soup version 0.27.0-1-g7a089689b8 (webtiles) character file.

Game seed: 7525045673319295968

83 BOMJPIETVODKU the Digger (level 4, -4/32 HPs)
             Began as a Gnoll Earth Elementalist on Aug 6, 2021.
             Slain by Crazy Yiuf (12 damage)
             ... on level 3 of the Dungeon.
             The game lasted 00:05:19 (3044 turns).

BOMJPIETVODKU the Digger (Gnoll Earth Elementalist) Turns: 3044, Time: 00:05:19

Health: -4/32      AC:  3    Str:  8    XL:     4   Next: 44%
Magic:  10/11      EV: 13    Int: 15    God:
Gold:   96         SH:  3    Dex: 12    Spells: 10/13 levels left

rFire    . . .     SeeInvis .   d - +0 dagger
rCold    . . .     Faith    .   q - +0 buckler
rNeg     . . .     Spirit   .   b - +0 robe
rPois    .         Reflect  .   (no helmet)
rElec    .         Harm     .   (no cloak)
rCorr    .         Rampage  .   g - +0 pair of gloves
Will     .....                  (no boots)
Stlth    ++........             (no amulet)
HPRegen  0.10/turn              (no ring)
MPRegen  0.12/turn              (no ring)

@: hasted, very quick
A: fangs 1, strong nose, distributed training
a: no special abilities


You were on level 3 of the Dungeon.
You visited 1 branch of the dungeon, and saw 3 of its levels.

You collected 96 gold pieces.

Inventory:

Hand Weapons
 d - a +0 dagger (weapon)
Missiles
 l - 16 poisoned darts
Armour
 b - a +0 robe (worn)
 g - a +0 pair of gloves (worn)
 q - a +0 buckler (worn)
Jewellery
 p - a ring of see invisible
Scrolls
 f - 2 scrolls of identify {unknown}
 h - a scroll of teleportation {unknown}
 i - a scroll of fog {unknown}
 k - a scroll of magic mapping {unknown}
 o - a scroll of amnesia {unknown}
 r - a scroll of blinking {unknown}
Potions
 a - 2 potions of magic {unknown}
 e - a potion of brilliance {unknown}
 j - a potion of invisibility {unknown}
 m - a potion of heal wounds {unknown}
 n - a potion of lignification {unknown}


   Skills:
 + Level 1.1 Fighting
 + Level 1.1 Short Blades
 + Level 1.1 Long Blades
 + Level 1.1 Axes
 + Level 1.1 Maces & Flails
 + Level 1.1 Polearms
 + Level 1.1 Staves
 + Level 1.1 Slings
 + Level 1.1 Bows
 + Level 1.1 Crossbows
 + Level 1.1 Throwing
 + Level 1.1 Armour
 + Level 4.6 Dodging
 + Level 4.2 Stealth
 + Level 1.1 Shields
 + Level 1.1 Unarmed Combat
 + Level 5.1 Spellcasting
 + Level 0.9 Conjurations
 + Level 0.9 Hexes
 + Level 0.9 Summonings
 + Level 0.9 Necromancy
 + Level 0.9 Translocations
 + Level 2.2 Transmutations
 + Level 0.9 Fire Magic
 + Level 0.9 Ice Magic
 + Level 0.9 Air Magic
 + Level 5.4 Earth Magic
 + Level 0.9 Poison Magic
 + Level 1.2 Invocations
 + Level 1.1 Evocations


You had 10 spell levels left.
You knew the following spells:

 Your Spells              Type           Power      Damage    Failure   Level
a - Sandblast             Erth           40%        2d10      2%          1
b - Passwall              Tmut/Erth      12%        N/A       7%          2

Your spell library contained the following spells:

 Spells                   Type           Power      Damage    Failure   Level
 Stone Arrow              Conj/Erth      26%        3d8       19%         3
 Ignite Poison            Fire/Tmut/Pois 7%         N/A       36%         3
 Mephitic Cloud           Conj/Pois/Air  6%         N/A       43%         3
 Petrify                  Tmut/Erth      15%        N/A       43%         4
 Bolt of Magma            Conj/Fire/Erth 5%         4d5       93%         5


Dungeon Overview and Level Annotations

Branches:
Dungeon (3/15)

Altars:

Annotations:
D:3 Crazy Yiuf


Innate Abilities, Weirdness & Mutations

You have very sharp teeth.
Your uncanny sense of smell can sniff out nearby items.
Your experience applies equally to all skills.


Message History

a +0 club; a goblin corpse You start resting.
HP restored.
You start waiting.
Done waiting.
You see here a Trismegistus Codex.
Found two maces.
Found a mace.
You see here a +0 mace.
You see here a +0 mace.
Found a mace.
Found a runed translucent door.
You open the door.
There is an open translucent door here.
The helpless Crazy Yiuf fails to defend himself.
You puncture Crazy Yiuf!
Crazy Yiuf is heavily wounded.
Crazy Yiuf grits, "Walk water tea!"
Crazy Yiuf hits you with a +3 quarterstaff of chaos!
You feel yourself speed up.
You hit Crazy Yiuf but do no damage. You bite Crazy Yiuf, but do no damage.
Crazy Yiuf is heavily wounded.
Crazy Yiuf closely misses you.
You hit Crazy Yiuf.
Crazy Yiuf is heavily wounded.
You barely miss Crazy Yiuf.
Crazy Yiuf is heavily wounded.
Crazy Yiuf says, "Gum!
Fire forty-two bag."
Crazy Yiuf hits you with a +3 quarterstaff of chaos!
Crazy Yiuf burns you.
* * * LOW HITPOINT WARNING * * *
You are too injured to fight recklessly!
You are too injured to fight recklessly!
Aiming: Sandblast (safe; 2% risk of failure)
Press: ? - help, Q - select action, (/) - cycle Shift-Dir - straight line, f - Crazy Yiuf
Aim: Crazy Yiuf, wielding a +3 quarterstaff of chaos and wearing a +1 cloak (heavily wounded, 83% to hit)
The blast of sand hits Crazy Yiuf.
Crazy Yiuf is severely wounded.
You now have no stones remaining.
Crazy Yiuf hits you with a +3 quarterstaff of chaos!
You die...

#...##
#....####...
##.##
#.........รท.
#.##
##....######
##.# #.....
#.## #....
##.# #..
##'## #...#
#. #.@.# ##
#.g)# . #####
## ### ...
.##


You could see Crazy Yiuf.

Vanquished Creatures
  3 adders
  A worm (D:3)
  An orc (D:3)
  2 ball pythons (D:2)
  5 endoplasms
  5 goblins
  4 hobgoblins
  7 jackals
  4 kobolds
  7 quokkas
  2 bats
  A frilled lizard (D:3)
  2 rats
44 creatures vanquished.

Notes
Turn   | Place    | Note
-------+----------+-------------------------------------------
     0 | D:1      | BOMJPIETVODKU the Gnoll Earth Elementalist began the quest
                  | for the Orb.
     0 | D:1      | Reached XP level 1. HP: 13/13 MP: 6/6
   704 | D:1      | Reached XP level 2. HP: 19/19 MP: 5/7
  1176 | D:2      | Found a faded altar of an unknown god.
  1298 | D:2      | Reached skill level 5 in Spellcasting
  1298 | D:2      | Reached XP level 3. HP: 24/25 MP: 4/9
  1396 | D:2      | Learned a level 2 spell: Passwall
  1527 | D:2      | Reached skill level 1 in Invocations
  1623 | D:2      | Reached skill level 1 in Fighting
  1623 | D:2      | Reached skill level 1 in Short Blades
  1623 | D:2      | Reached skill level 1 in Long Blades
  1623 | D:2      | Reached skill level 1 in Axes
  1623 | D:2      | Reached skill level 1 in Maces & Flails
  1623 | D:2      | Reached skill level 1 in Polearms
  1623 | D:2      | Reached skill level 1 in Staves
  1623 | D:2      | Reached skill level 1 in Slings
  1623 | D:2      | Reached skill level 1 in Bows
  1623 | D:2      | Reached skill level 1 in Crossbows
  1623 | D:2      | Reached skill level 1 in Throwing
  1623 | D:2      | Reached skill level 1 in Armour
  1623 | D:2      | Reached skill level 1 in Shields
  1623 | D:2      | Reached skill level 1 in Unarmed Combat
  1623 | D:2      | Reached skill level 1 in Evocations
  1959 | D:3      | Reached XP level 4. HP: 32/32 MP: 4/11
  3032 | D:3      | Found a runed translucent door.
  3033 | D:3      | Noticed Crazy Yiuf
  3044 | D:3      | Slain by Crazy Yiuf

Illustrated notes

Levels and vault maps discovered:
D:1:      lightli_arrival_noodles, layout_loops_corners
D:2:      wander_river, layout_loops_ring, ebering_ecumenical_altar_abandoned
D:3:      layout_loops_ring, uniq_crazy_yiuf_cottage

Skill      XL: |  1  2  3 |
---------------+----------+-----
Transmutations | 2 |  2.2
Spellcasting   | 5 |  5.1
Invocations    | 1 |  1.2
Fighting       | 1 |  1.1
Short Blades   | 1 |  1.1
Long Blades    | 1 |  1.1
Axes           | 1 |  1.1
Maces & Flails | 1 |  1.1
Polearms       | 1 |  1.1
Staves         | 1 |  1.1
Slings         | 1 |  1.1
Bows           | 1 |  1.1
Crossbows      | 1 |  1.1
Throwing       | 1 |  1.1
Armour         | 1 |  1.1
Shields        | 1 |  1.1
Unarmed Combat | 1 |  1.1
Evocations     | 1 |  1.1
Dodging        | |  4.6
Stealth        | |  4.2
Conjurations   | |  0.9
Hexes          | |  0.9
Summonings     | |  0.9
Necromancy     | |  0.9
Translocations | |  0.9
Fire Magic     | |  0.9
Ice Magic      | |  0.9
Air Magic      | |  0.9
Earth Magic    | |  5.4
Poison Magic   | |  0.9

Action                   |  1- 3 |  4- 6 || total
-------------------------+-------+-------++-------
Melee: Dagger            |    29 |    48 ||    77
       Unarmed           |     8 |       ||     8
       Bite              |     2 |     3 ||     5
       Punch             |     1 |       ||     1
 Cast: Sandblast         |    32 |    19 ||    51
 Stab: Sleeping          |     8 |     3 ||    11
Armor: Robe              |     7 |     7 ||    14
Dodge: Dodged            |    28 |    32 ||    60
Block: Buckler           |       |     2 ||     2
